 Dungeon Crawl Stone Soup version 0.23.2-1-ga50397a (webtiles) character file.

Game seed: 462412581143350497

903 Fang the Skirmisher (level 8, -6/51 HPs)
             Began as a Gargoyle Berserker on May 1, 2019.
             Was a Priest of Trog.
             Mangled by a mummy (11 damage)
             ... in an ossuary on May 6, 2019.
             The game lasted 00:05:10 (3582 turns).

Fang the Skirmisher (Gargoyle Berserker)            Turns: 3582, Time: 00:05:10

Health: -6/51      AC: 15    Str: 22    XL:     8   Next: 7%
Magic:  8/8        EV:  9    Int:  9    God:    Trog [***...]
Gold:   131        SH:  0    Dex:  9    Spells: 7/7 levels left

rFire    . . .     SeeInvis .   a - +0 hand axe
rCold    . . .     Gourm    .   (no shield)
rNeg     + . .     Faith    .   r - +0 chain mail
rPois    ∞         Spirit   .   (no helmet)
rElec    +         Reflect  .   (no cloak)
rCorr    .         Harm     .   (no gloves)
MR       .....                  (no boots)
Stlth    ..........             (no amulet)
HPRegen  0.17/turn              (no ring)
MPRegen  0.11/turn              (no ring)

@: berserk cooldown, slowed, very slow
A: negative energy resistance 1, electricity resistance, unbreathing,
petrification resistance, rot immunity, AC +5
a: Berserk, Trog's Hand, Renounce Religion


You were in an ossuary.
You worshipped Trog.
Trog was most pleased with you.
You were not hungry.

You visited 1 branch of the dungeon, and saw 4 of its levels.
You also visited: Ossuary.

You collected 131 gold pieces.

Inventory:

Hand Weapons
 a - a +0 hand axe (weapon)
Armour
 b - a +0 animal skin
 r - a +0 chain mail (worn)
Wands
 q - a wand of flame (18)
Scrolls
 f - 2 scrolls of identify {unknown}
 g - 2 scrolls of teleportation {unknown}
 i - 2 scrolls of fog {unknown}
 k - a scroll of random uselessness {unknown}
 l - a scroll of amnesia {unknown}
 m - 2 scrolls of enchant armour {unknown}
 o - a scroll of magic mapping {unknown}
 p - a scroll of remove curse {unknown}
Potions
 e - 2 potions of degeneration {unknown}
 h - 2 potions of flight {unknown}
 j - 6 potions of curing
 n - a potion of invisibility {unknown}
Comestibles
 c - 3 rations


   Skills:
 + Level 5.9 Fighting
 + Level 4.8 Axes
 + Level 5.3 Armour
 + Level 3.9 Dodging


You had 7 spell levels left.
You didn't know any spells.
Your spell library was empty.

Dungeon Overview and Level Annotations

Branches:
Dungeon (4/15)
 Temple: D:4-7

Altars:
Hepliaklqana
Kikubaaqudgha
Nemelex Xobeh
Trog
Xom
The Shining One


Innate Abilities, Weirdness & Mutations

You are resistant to torment.
Your stone body is resilient. (AC +5)
You are immune to poison.
You resist negative energy. (rN+)
You are resistant to electric shocks. (rElec)
You can survive without breathing.
You are immune to petrification.
You are immune to rotting.


Message History

The mummy hits you but does no damage.
You slash the mummy!
The mummy is almost destroyed.
The mummy closely misses you.
You hit the mummy but do no damage.
The mummy is almost destroyed.
The sentinel's mark upon you fades away.
The mummy hits you.
* * * LOW HITPOINT WARNING * * *
You hit the mummy.
The mummy is almost destroyed.
The mummy barely misses you.
You hit the mummy but do no damage.
The mummy is almost destroyed.
The mummy hits you!
* * * LOW HITPOINT WARNING * * *
You hit the mummy but do no damage.
The mummy is almost destroyed.
The mummy hits you!
You die...

#####
##...##
#.....#
#.....#
#.....#
#.....#
#..∩..#
#.....#
#..@..#
#..M..#
#.....#
##.....##
#.......#
##.....##
#..^....#
##.^..^##
....M..#


You could see a mummy.

Vanquished Creatures
  Sigmund (D:2)
  An ogre (D:4)
  A crimson imp (D:3)
  6 centaur zombies (Ossuary)
  Crazy Yiuf (D:3)
  Terence (D:3)
  An orc wizard (D:3)
  Ijyb (D:3)
  3 big kobold zombies (Ossuary)
  4 mummies (Ossuary)
  7 adders
  7 gnolls
  An adder skeleton (D:4)
  3 worms
  A dart slug (D:1)
  12 orcs
  6 giant cockroaches
  6 goblins
  8 hobgoblins
  2 jackals (D:4)
  7 ball pythons
  9 bats
  8 frilled lizards
  3 hobgoblin zombies (Ossuary)
  8 kobolds
  2 rats
110 creatures vanquished.

Notes
Turn   | Place    | Note
-------+----------+-------------------------------------------
     0 | D:1      | Fang the Gargoyle Berserker began the quest for the Orb.
     0 | D:1      | Reached XP level 1. HP: 14/14 MP: 1/1
   132 | D:1      | Reached XP level 2. HP: 19/19 MP: 2/2
   748 | D:1      | Reached XP level 3. HP: 24/24 MP: 3/3
  1420 | D:2      | Reached XP level 4. HP: 29/29 MP: 4/4
  1481 | D:2      | Reached ** piety under Trog
  1656 | D:2      | Found a bloodstained altar of Trog.
  1676 | D:2      | Reached XP level 5. HP: 27/33 MP: 5/5
  1830 | D:2      | Noticed Sigmund
  1848 | D:2      | Killed Sigmund
  1848 | D:2      | Reached XP level 6. HP: 25/39 MP: 6/6
  2450 | D:3      | Noticed Ijyb
  2465 | D:3      | Killed Ijyb
  2625 | D:3      | Reached skill level 5 in Fighting
  2725 | D:3      | Noticed Terence
  2736 | D:3      | Reached XP level 7. HP: 37/44 MP: 7/7
  2738 | D:3      | Killed Terence
  2922 | D:3      | Found a runed translucent door.
  2923 | D:3      | Noticed Crazy Yiuf
  2931 | D:3      | Killed Crazy Yiuf
  2931 | D:3      | Reached *** piety under Trog
  3059 | D:4      | Found an ancient bone altar of Kikubaaqudgha.
  3071 | D:4      | Found a hazy altar of Hepliaklqana.
  3113 | D:4      | Found a shimmering altar of Xom.
  3114 | D:4      | Found a glowing golden altar of the Shining One.
  3114 | D:4      | Found a sparkling altar of Nemelex Xobeh.
  3301 | D:4      | Found a sand-covered staircase.
  3314 | Ossuary  | Entered an ossuary
  3544 | Ossuary  | Reached skill level 5 in Armour
  3546 | Ossuary  | Reached XP level 8. HP: 24/51 MP: 8/8
  3582 | Ossuary  | Mangled by a mummy

Skill      XL: |  1  2  3  4  5  6  7 |
---------------+----------------------+-----
Axes           | 3 4 |  4.8
Dodging        | 2 3 |  3.9
Armour         | 3 4 5 |  5.3
Fighting       | 4 5 |  5.9

Action                   |  1- 3 |  4- 6 |  7- 9 || total
-------------------------+-------+-------+-------++-------
Melee: Hand axe          |    77 |   209 |    94 ||   380
Invok: Berserk           |     2 |     2 |     4 ||     8
       Trog's Hand       |       |       |     1 ||     1
  Eat: Chunk             |     2 |     8 |     3 ||    13
       Ration            |       |       |     1 ||     1
Armor: Animal skin       |    32 |    62 |       ||    94
       Chain mail        |       |    34 |    77 ||   111
Dodge: Dodged            |    61 |   121 |    57 ||   239
